 Dungeon Crawl Stone Soup version 0.15.0-14-g6bbbb5c (webtiles) character file.

1059 Leibowitz the Ruinous (level 8, -2/64 HPs)
             Began as a Naga Conjurer on Sept 4, 2014.
             Was a Follower of Sif Muna.
             Slain by a centaur (4 damage)
             ... on Level 6 of the Dungeon on Sept 5, 2014.
             The game lasted 00:54:40 (7379 turns).

Leibowitz the Ruinous (Naga Conjurer)               Turns: 7379, Time: 00:54:41

HP  -2/64        AC  5     Str 12      XL: 8   Next: 27%
MP  10/18        EV 10     Int 17      God: Sif Muna [*.....]
Gold 263         SH  4     Dex 11      Spells:  5 memorised,  2 levels left

rFire  . . .     SeeInvis +     a - +0 short sword
rCold  . . .     Clarity  .     e - +0 robe
rNeg   + . .     rCorr    .     p - +0 buckler
rPois  +         rRot     .     (no helmet)
rElec  .         Spirit   .     j - +0 cloak
SustAb .         Warding  .     y - +0 pair of gloves
rMut   .         Stasis   .     (no barding)
Gourm  .                        (no amulet)
MR     +....                    (no ring)
                                q - ring of positive energy

@: about to teleport, very slightly contaminated, very slow, somewhat resistant
to hostile enchantments, fairly stealthy
A: spit poison, see invisible, deformed body, poison resistance, slowness 2, AC
+2
a: Spit Poison, Channel Energy, Renounce Religion


You were on level 6 of the Dungeon.
You worshipped Sif Muna.
Sif Muna was aware of your devotion.
You were hungry.

You visited 1 branch of the dungeon, and saw 6 of its levels.

You collected 263 gold pieces.

Inventory:

Hand weapons
 a - a +0 short sword (weapon)
 b - a +0 blowgun
Missiles
 o - 8 needles of confusion
 r - 6 curare-tipped needles
 x - 15 poisoned needles
 B - 6 needles of sleeping
Armour
 e - a +0 robe (worn)
 j - a +0 cloak (worn)
 p - a +0 buckler (worn)
 w - a +0 shield
 y - a +0 pair of gloves (worn)
Magical devices
 h - a wand of digging (17)
Comestibles
 f - a beef jerky
 k - 2 meat rations
 m - 7 bread rations
 z - a slice of pizza
 A - 4 chunks of orc flesh
Scrolls
 d - a scroll of remove curse {unknown}
 g - a scroll of immolation {unknown}
 i - 3 scrolls of enchant armour {unknown}
 l - 2 scrolls of blinking {unknown}
 n - 3 scrolls of teleportation
 t - a scroll of enchant weapon {unknown}
 u - a scroll of random uselessness {unknown}
 v - 2 scrolls of identify {unknown}
Jewellery
 q - a ring of positive energy (left hand)
Potions
 D - a potion of flight {unknown}
 E - a potion of berserk rage {unknown}
Books
 c - a book of Conjurations

   Spells                             Type                      Level
   *Magic Dart                        Conjuration                  1
   *Searing Ray                       Conjuration                  2
   *Dazzling Spray                    Conjuration/Hexes            3
   Fulminant Prism                    Conjuration/Hexes            4
   *Iskenderun's Mystic Blast         Conjuration                  4
   Iskenderun's Battlesphere          Conjuration/Charms           5
 C - a book of Minor Magic

   Spells                             Type                      Level
   *Magic Dart                        Conjuration                  1
   Blink                              Translocation                2
   Call Imp                           Summoning                    2
   Repel Missiles                     Charms/Air                   2
   Slow                               Hexes                        2
   Conjure Flame                      Conjuration/Fire             3
   *Mephitic Cloud                    Conjuration/Poison/Air       3


   Skills:
 + Level 1.4 Fighting
 + Level 1.6 Short Blades
   Level 0.2 Polearms
 + Level 3.7 Dodging
 + Level 5.0 Stealth
 * Level 1.7 Shields
 * Level 4.3 Spellcasting
 * Level 5.8 Conjurations
 * Level 2.3 Hexes
 + Level 0.4 Air Magic
 + Level 1.0 Poison Magic
 + Level 2.1 Invocations
 + Level 0.4 Evocations


You had 2 spell levels left.
You knew the following spells:

 Your Spells              Type           Power        Failure   Level  Hunger
a - Magic Dart            Conj           ###.         1%          1    None
b - Searing Ray           Conj           ###...       2%          2    ##.....
c - Dazzling Spray        Conj/Hex       ###.....     10%         3    ###....
d - Iskenderun's Mystic   Conj           ###.....     17%         4    ####...
e - Mephitic Cloud        Conj/Pois/Air  ##......     21%         3    ###....


Dungeon Overview and Level Annotations

Branches:
Dungeon (6/15)
 Temple: D:4-7

Altars:
Fedhas
Nemelex Xobeh
Qazlal
Sif Muna
Zin

Annotations:
D:3 Grinder


Innate Abilities, Weirdness & Mutations

You cannot wear boots.
You can spit poison.
Your serpentine skin is tough (AC +2).
You have supernaturally acute eyesight.
Armour fits poorly on your strangely shaped body.
Your system is resistant to poisons.
You cover ground very slowly.


Message History

* * * LOW HITPOINT WARNING * * *
The adder is engulfed in noxious fumes.
The adder appears confused.
The adder bites the orc but does no damage.
You hit the centaur.
The centaur is heavily wounded.
The centaur hits you!
* * * LOW HITPOINT WARNING * * *
The adder is engulfed in noxious fumes.
The adder appears confused.
The orc hits you but does no damage.
The adder is engulfed in noxious fumes.
The adder appears confused.
The centaur hits you but does no damage.
Read which item? (? for menu, Esc to quit)
As you read the scroll of teleportation, it crumbles to dust.
You feel strangely unstable. You block the centaur's attack.
The orc hits you from afar with a glowing trident.
* * * LOW HITPOINT WARNING * * *
x2 Drink which item? (? for menu, Esc to quit)
You feel your dexterity returning.
It was a potion of restore abilities.
The centaur hits you.
You die...

........ ##...##
...###..########..#######
#.....#......)).<........
#........####..########
#......#.# ##.##
#.....##.#....#
#....S.........
#.....##..#####
#...o(@c.......
##..####....### ####
#.##..# #<# #


You could see a centaur, an adder (confused) and an orc.

Vanquished Creatures
  2 phantoms
  An ogre (D:5)
  A centaur (D:5)
  2 giant frogs (D:6)
  A giant frog zombie (D:6)
  An orc priest (D:5)
  A crimson imp (D:5)
  A black bear zombie (D:4)
  A centaur skeleton (D:4)
  3 orc wizards
  An iguana (D:5)
  A hound zombie (D:4)
  11 adders
  3 gnolls (D:5)
  4 giant mites
  A shadow imp (D:6)
  6 worms
  9 giant geckos
  An ooze (D:1)
  12 orcs
  11 bats
  4 giant cockroaches
  15 goblins
  13 hobgoblins
  7 jackals
  11 kobolds
  3 ball pythons
  A giant mite zombie (D:4)
  7 giant newts
  A giant newt zombie (D:4)
  A hobgoblin skeleton (D:5)
  2 hobgoblin zombies (D:4)
  A kobold zombie (D:4)
  4 orc zombies
  3 quokkas
  A quokka zombie (D:4)
  13 rats
  3 rat skeletons (D:4)
  A rat zombie (D:4)
165 creatures vanquished.

Notes
Turn   | Place    | Note
--------------------------------------------------------------
     0 | D:1      | Leibowitz, the Naga Conjurer, began the quest for the Orb.
     0 | D:1      | Reached XP level 1. HP: 15/15 MP: 3/3
   403 | D:1      | Reached XP level 2. HP: 13/22 MP: 0/4
   678 | D:1      | Learned a level 2 spell: Searing Ray
  1088 | D:1      | Reached XP level 3. HP: 25/28 MP: 3/6
  1127 | D:1      | Learned a level 3 spell: Dazzling Spray
  2254 | D:2      | Reached XP level 4. HP: 37/37 MP: 1/8
  2960 | D:2      | Reached XP level 5. HP: 31/43 MP: 4/9
  3062 | D:2      | Found a deep blue altar of Sif Muna.
  3065 | D:2      | Became a worshipper of Sif Muna the Loreminder
  3484 | D:3      | Reached skill level 1 in Short Blades
  3788 | D:3      | Noticed a phantom
  3844 | D:3      | Killed a phantom
  3844 | D:3      | Reached XP level 6. HP: 32/50 MP: 0/13
  3864 | D:3      | Found a glowing silver altar of Zin.
  3864 | D:3      | Noticed an angel
  3978 | D:3      | Noticed Grinder
  3981 | D:3      | Paralysed by Grinder for 3 turns
  3990 | D:3      | Paralysed by Grinder for 6 turns
  4177 | D:2      | Learned a level 4 spell: Iskenderun's Mystic Blast
  4358 | D:4      | Reached skill level 1 in Fighting
  4358 | D:4      | Reached skill level 5 in Conjurations
  4358 | D:4      | Reached skill level 1 in Hexes
  5002 | D:4      | Found a blossoming altar of Fedhas.
  5051 | D:5      | Entered Level 5 of the Dungeon
  5179 | D:5      | Reached XP level 7. HP: 27/57 MP: 4/15
  5379 | D:5      | Learned a level 3 spell: Mephitic Cloud
  6068 | D:5      | Acquired Sif Muna's first power
  6068 | D:5      | Reached skill level 1 in Shields
  6299 | D:5      | Found a stormy altar of Qazlal.
  6300 | D:5      | Found a sparkling altar of Nemelex Xobeh.
  6561 | D:5      | Reached skill level 1 in Invocations
  7109 | D:6      | Reached XP level 8. HP: 64/64 MP: 14/18
  7145 | D:6      | Reached skill level 1 in Poison Magic
  7155 | D:6      | Reached skill level 5 in Stealth
  7378 | D:6      | HP: 2/64 [orc/glowing trident (2)]
  7379 | D:6      | Slain by a centaur

Action                   |  1- 3 |  4- 6 |  7- 9 || total
-------------------------+-------+-------+-------++-------
Melee: Short sword       |    76 |    83 |   101 ||   260
       Spear             |       |    60 |     3 ||    63
 Cast: Magic Dart        |    29 |    32 |    40 ||   101
       Searing Ray       |     8 |    25 |    16 ||    49
       Dazzling Spray    |     4 |     8 |    10 ||    22
       Iskenderun's Myst |       |     2 |     3 ||     5
       Mephitic Cloud    |       |       |    12 ||    12
Invok: Channel Energy    |       |       |    34 ||    34
 Abil: Spit Poison       |     5 |       |       ||     5
Evoke: Wand              |       |     1 |       ||     1
  Use: Potion            |       |     3 |     3 ||     6
       Scroll            |       |     1 |     1 ||     2
 Stab: Sleeping          |     2 |     9 |     1 ||    12
       Invisible         |       |     1 |       ||     1
       Confused          |       |       |     3 ||     3
  Eat: Chunk             |     4 |    12 |    16 ||    32
       Beef jerky        |     1 |       |       ||     1
